 Dungeon Crawl Stone Soup version 0.25-a0-24-g72dcfe0359 (webtiles) character file.

Game seed: 11754353351057337238, levelgen mode: deterministic

436 Gynju the Magician (level 6, -7/32 HPs)
             Began as a Deep Elf Fire Elementalist on Oct 17, 2019.
             Mangled by Natasha (8 damage)
             ... on level 4 of the Dungeon.
             The game lasted 00:05:14 (3827 turns).

Gynju the Magician (Deep Elf Fire Elementalist)     Turns: 3827, Time: 00:05:15

Health: -7/32      AC:  2    Str:  5    XL:     6   Next: 68%
Magic:  4/16       EV: 15    Int: 22    God:
Gold:   159        SH:  0    Dex: 15    Spells: 9/15 levels left

rFire    . . .     SeeInvis .   k - +1 short sword (elec)
rCold    . . .     Gourm    .   (no shield)
rNeg     . . .     Faith    .   a - +0 robe
rPois    .         Spirit   .   (no helmet)
rElec    .         Reflect  .   (no cloak)
rCorr    .         Harm     .   (no gloves)
MR       +....                  (no boots)
Stlth    ++........             o - amulet of magic regeneration
HPRegen  0.10/turn              b - ring of protection from magic
MPRegen  0.40/turn              (no ring)

@: lethally poisoned (-7 -> -11)
A: no striking features
a: no special abilities


You were on level 4 of the Dungeon.
You were not hungry.

You visited 1 branch of the dungeon, and saw 4 of its levels.

You collected 159 gold pieces.

Inventory:

Hand Weapons
 k - a +1 short sword of electrocution (weapon)
Armour
 a - a +0 robe (worn)
Jewellery
 b - a ring of protection from magic (left hand)
 o - an amulet of magic regeneration (around neck)
Scrolls
 e - a scroll of teleportation
 f - 2 scrolls of enchant armour {unknown}
 g - a scroll of fear {unknown}
 i - 2 scrolls of amnesia {unknown}
 j - 3 scrolls of identify {unknown}
 l - 2 scrolls of immolation {unknown}
Potions
 d - a potion of heal wounds
 h - a potion of flight {unknown}
 m - a potion of agility {unknown}
 p - a potion of degeneration {unknown}
 q - a potion of might
Comestibles
 c - 8 rations
 n - a chunk of flesh


   Skills:
 + Level 4.7 Dodging
 - Level 2.4 Stealth
 + Level 5.3 Spellcasting
 + Level 3.8 Conjurations
 + Level 5.1 Fire Magic


You had 9 spell levels left.
You knew the following spells:

 Your Spells              Type           Power        Failure   Level  Hunger
a - Flame Tongue          Conj/Fire      ####.        1%          1    None
b - Throw Flame           Conj/Fire      ####..       2%          2    None
c - Conjure Flame         Conj/Fire      ####....     4%          3    ##.....

Your spell library contained the following spells:

 Spells                   Type           Power        Failure   Level  Hunger
 Inner Flame              Hex/Fire       ###.....     11%         3    ##.....
 Sticky Flame             Conj/Fire      ####....     16%         4    ####...
 Fireball                 Conj/Fire      ####......   38%         5    #####..


Dungeon Overview and Level Annotations

Branches:
Dungeon (4/15)
 Temple: D:4-7

Altars:
Sif Muna

Annotations:
D:3 1 runed translucent door, Xerberus86's ghost, amateur HuFi
D:4 Natasha


Message History

Confirm with . or Enter, or press ? or * to list all spells.
Aiming: Flame Tongue (safe; 1% risk of failure)
Press: ? - help, Shift-Dir - straight line, f/p - Eustachio
Aim: Eustachio, wielding a +0 rapier and wearing a +0 leather armour (almost dead)
The flame tongue hits Eustachio!
You kill Eustachio!
Your Spellcasting skill increases to level 5!
Your Fire Magic skill increases to level 5!
* * * LOW HITPOINT WARNING * * *
You feel sick. The adder misses you. Natasha closely misses you.
The adder skeleton misses you.
Casting: Flame Tongue (safe; 1% risk of failure)
Confirm with . or Enter, or press ? or * to list all spells.
Aiming: Flame Tongue (safe; 1% risk of failure)
Press: ? - help, Shift-Dir - straight line, f - adder skeleton
Aim: an adder skeleton The flame tongue hits the adder skeleton!
The adder skeleton is severely damaged.
The adder closely misses you. Natasha claws you!
You die...

.######
#.....#
#.....#
#.....# #
#.....#
...#..)..##
#.....S.#
#...Z@h.#
#....)..#
#..........
#........#)#
............#
#..........###
##..........
##......####


You could see Natasha, an adder and an adder skeleton.

Vanquished Creatures
  Eustachio (D:4)
  An ogre (D:4)
  9 gnolls
  3 adders
  An adder skeleton (D:3)
  5 worms
  A dart slug (D:2)
  A leopard gecko (D:2)
  5 orcs (D:3)
  2 giant cockroaches
  8 goblins
  8 hobgoblins
  6 jackals (D:3)
  A quokka (D:3)
  A ball python (D:3)
  12 bats
  3 frilled lizards
  6 kobolds
  10 rats
84 creatures vanquished.

Notes
Turn   | Place    | Note
-------+----------+-------------------------------------------
     0 | D:1      | Gynju the Deep Elf Fire Elementalist began the quest for
                  | the Orb.
     0 | D:1      | Reached XP level 1. HP: 10/10 MP: 6/6
   437 | D:1      | Reached XP level 2. HP: 13/15 MP: 6/8
   716 | D:1      | Reached XP level 3. HP: 19/19 MP: 0/10
   991 | D:1      | Learned a level 2 spell: Throw Flame
   995 | D:1      | Learned a level 3 spell: Conjure Flame
  1182 | D:2      | Found a faded altar of an unknown god.
  1960 | D:2      | Reached XP level 4. HP: 8/24 MP: 3/11
  2366 | D:2      | Found a shimmering blue altar of Sif Muna.
  2784 | D:3      | Found a runed translucent door.
  2784 | D:3      | Noticed Xerberus86's ghost (amateur HuFi)
  2848 | D:3      | Reached XP level 5. HP: 21/28 MP: 8/13
  3713 | D:4      | Noticed an ogre
  3723 | D:4      | Killed an ogre
  3723 | D:4      | Reached XP level 6. HP: 28/32 MP: 2/15
  3810 | D:4      | Noticed Eustachio
  3819 | D:4      | Noticed Natasha
  3826 | D:4      | Killed Eustachio
  3826 | D:4      | Reached skill level 5 in Spellcasting
  3826 | D:4      | Reached skill level 5 in Fire Magic
  3826 | D:4      | HP: 1/32 [poisoned by an adder]
  3827 | D:4      | Mangled by Natasha

Levels and vault maps discovered:
D:1:      lightli_arrival_boilingwater, layout_loops_ring, st_stairs_10,
          minmay_tromino_i4
D:2:      layout_loops_cross, led_sif_pool, chequers_ecumenical_altar_island,
          minmay_3d_cube
D:3:      layout_loops_ring, hellmonk_ghost_happy_afterlife, kennysheep_boxes
D:4:      layout_loops_cross, uniq_pikel, uniq_robin, uniq_natasha,
          uniq_eustachio, uniq_crazy_yiuf_cottage

Skill      XL: |  1  2  3  4  5  6 |
---------------+-------------------+-----
Dodging        | 3 4 |  4.7
Conjurations   | 2 3 |  3.8
Fire Magic     | 4 5 |  5.1
Spellcasting   | 4 5 |  5.3
Stealth        | |  2.4

Action                   |  1- 3 |  4- 6 || total
-------------------------+-------+-------++-------
Melee: Unarmed           |     1 |       ||     1
       Short sword       |    17 |     4 ||    21
 Cast: Flame Tongue      |    66 |   122 ||   188
       Conjure Flame     |     1 |     3 ||     4
       Throw Flame       |     1 |     3 ||     4
  Use: Scroll            |       |     1 ||     1
  Eat: Chunk             |     3 |     6 ||     9
Armor: Robe              |     9 |     8 ||    17
Dodge: Dodged            |    33 |    48 ||    81

Table legend:
 A = Non-vault XP
 B = Vault XP
 C = Vault XP percentage of total XP
 D = Non-vault monster count
 E = Vault monster count
 F = Vault count percentage of total count
                 A         B        C        D         E       F
            +---------+---------+-------+---------+---------+-------
      Total |     398 |     225 |  36.1 |      75 |       9 |  10.7
            +---------+---------+-------+---------+---------+-------
        D:1 |      32 |      17 |  34.7 |      20 |       4 |  16.7
        D:2 |     111 |       9 |   7.5 |      19 |       3 |  13.6
        D:3 |     137 |       0 |   0.0 |      34 |       0 |   0.0
        D:4 |     118 |     199 |  62.8 |       2 |       2 |  50.0
            +---------+---------+-------+---------+---------+-------
